 Dungeon Crawl Stone Soup version 0.27-a0-1217-g8a41f320e8 (webtiles) character file.

Game seed: 9306357906196536369

565 lightspider the Skirmisher (level 7, -4/62 HPs)
             Began as a Hill Orc Fighter on June 6, 2021.
             Slain by a killer bee (6 damage)
             ... on level 5 of the Dungeon.
             The game lasted 00:09:27 (4026 turns).

lightspider the Skirmisher (Hill Orc Fighter)       Turns: 4026, Time: 00:09:28

Health: -4/62      AC:  7    Str: 21    XL:     7   Next: 32%
Magic:  7/7        EV:  8    Int:  8    God:
Gold:   133        SH:  9    Dex: 10    Spells: 6/6 levels left

rFire    . . .     SeeInvis +   a - +0 long sword
rCold    + . .     Faith    .   c - +0 kite shield
rNeg     . . .     Spirit   .   b - +0 scale mail
rPois    .         Reflect  .   (no helmet)
rElec    .         Harm     .   (no cloak)
rCorr    .         Rampage  .   (no gloves)
Will     .....                  (no boots)
Stlth    ..........             (no amulet)
HPRegen  0.20/turn              d - ring of protection from cold
MPRegen  0.10/turn              e - ring of see invisible

@: no status effects
A: no striking features
a: no special abilities


You were on level 5 of the Dungeon.
You visited 1 branch of the dungeon, and saw 5 of its levels.

You collected 133 gold pieces.

Inventory:

Hand Weapons
 a - a +0 long sword (weapon)
 i - a +1 battleaxe of flaming
Missiles
 g - 33 poisoned darts (quivered)
 k - 5 atropa-tipped darts
Armour
 b - a +0 scale mail (worn)
 c - a +0 kite shield (worn)
Jewellery
 d - a ring of protection from cold (left hand)
 e - a ring of see invisible (right hand)
Wands
 j - a wand of digging (5)
Scrolls
 l - a scroll of identify


   Skills:
 + Level 5.8 Fighting
 + Level 4.6 Long Blades
 + Level 5.3 Armour
 + Level 2.8 Dodging
 - Level 3.2 Shields


You had 6 spell levels left.
You didn't know any spells.
Your spell library was empty.

Dungeon Overview and Level Annotations

Branches:
Dungeon (5/15)
 Temple: D:4-7

Altars:
Dithmenos
Kikubaaqudgha
Trog
Zin


Message History

The killer bee poisons you! You block the killer bee's attack. x2
You closely miss the killer bee.
You feel very sick. You block the killer bee's attack.
The killer bee barely misses you. The killer bee stings you.
You miss the killer bee.
You feel sick. You block the killer bee's attack. The killer bee misses you.
The killer bee barely misses you.
You riposte.
You barely miss the killer bee.
You feel sick. The killer bee barely misses you.
You feel sick. You block the killer bee's attack.
You feel sick.
You feel sick.
The killer bee stings you but does no damage.
You feel sick.
You are no longer poisoned.
You block the killer bee's attack. The killer bee closely misses you.
You riposte.
You closely miss the killer bee. The killer bee stings you.
* * * LOW HITPOINT WARNING * * *
You block the killer bee's attack. The killer bee stings you.
* * * LOW HITPOINT WARNING * * *
The killer bee stings you.
* * * LOW HITPOINT WARNING * * *
The killer bee stings you but does no damage.
You block the killer bee's attack. The killer bee barely misses you.
You riposte.
You closely miss the killer bee. The killer bee stings you.
* * * LOW HITPOINT WARNING * * *
There is a stone staircase leading down here.
The killer bee barely misses you. You block the killer bee's attack.
You climb downwards.
There is a stone staircase leading up here.
You aren't carrying any potions.
You hit the killer bee.
The killer bee is lightly wounded.
You block the killer bee's attack. The killer bee barely misses you.
You riposte.
You miss the killer bee.
The killer bee is lightly wounded.
The killer bee stings you.
You die...

#..#
#..#
#..#
#..#
###..#
....#
#.y#
#@#
#.#
#..
####


You could see a killer bee.

Vanquished Creatures
  A water moccasin (D:3)
  A black bear (D:4)
  A necrophage (D:4)
  The ghost of pkoi the Insei, an amateur DsGl (D:3)
  Jessica (D:3)
  An iguana (D:4)
  Natasha (twice) (D:2)
  A hound skeleton (D:3)
  3 adders
  A worm (D:2)
  A dart slug (D:2)
  10 endoplasms
  3 giant cockroaches
  4 hobgoblins
  5 jackals
  4 quokkas
  3 ball pythons
  6 bats
  5 frilled lizards
  7 goblins
  5 kobolds
  2 rats
68 creatures vanquished.

Notes
Turn   | Place    | Note
-------+----------+-------------------------------------------
     0 | D:1      | lightspider the Hill Orc Fighter began the quest for the
                  | Orb.
     0 | D:1      | Reached XP level 1. HP: 19/19 MP: 1/1
   175 | D:1      | Reached XP level 2. HP: 22/27 MP: 2/2
   318 | D:1      | HP: 1/27 [frozen (4)]
   747 | D:1      | Reached XP level 3. HP: 25/33 MP: 3/3
  1129 | D:2      | Reached skill level 1 in Dodging
  1588 | D:2      | Reached XP level 4. HP: 36/40 MP: 4/4
  2113 | D:3      | Noticed Natasha
  2128 | D:3      | Noticed Jessica
  2145 | D:2      | Killed Natasha
  2304 | D:3      | Killed Jessica
  2305 | D:3      | Reached XP level 5. HP: 25/47 MP: 5/5
  2402 | D:3      | Noticed a water moccasin
  2578 | D:2      | Noticed Natasha
  2584 | D:2      | Killed Natasha
  2780 | D:3      | Killed a water moccasin
  2781 | D:3      | Reached skill level 5 in Fighting
  2781 | D:3      | Reached XP level 6. HP: 56/56 MP: 6/6
  2802 | D:3      | Found a bloodstained altar of Trog.
  2892 | D:3      | Found a faded altar of an unknown god.
  3086 | D:3      | Found an ancient bone altar of Kikubaaqudgha.
  3119 | D:3      | Found a shadowy altar of Dithmenos.
  3121 | D:3      | Found a runed translucent door.
  3123 | D:3      | Noticed pkoi's ghost (amateur DsGl)
  3378 | D:3      | Killed pkoi's ghost
  3423 | D:4      | Noticed a necrophage
  3437 | D:4      | Killed a necrophage
  3438 | D:4      | Reached skill level 5 in Armour
  3438 | D:4      | Reached XP level 7. HP: 57/61 MP: 7/7
  3996 | D:4      | Found a glowing silver altar of Zin.
  4022 | D:4      | HP: 1/62 [killer bee (4)]
  4025 | D:5      | Entered Level 5 of the Dungeon
  4026 | D:5      | Slain by a killer bee

Illustrated notes

Levels and vault maps discovered:
D:1:      ncdulo_watergridlock, layout_rooms, corexii_corridor_pit, st_stairs_10
D:2:      layout_loops_ring
D:3:      layout_rooms, nicolae_overflow_hidden_temple,
          shapermc_ecumenical_altar_notcrosses, ebering_ghost_inner_flame,
          uniq_jessica, uniq_natasha
D:4:      layout_loops_ring, lemuel_round_altar, minmay_shop_grid_forest,
          uniq_menkaure, uniq_blork_the_orc
D:5:      layout_loops_ring, minmay_temple_entry_ruins, serial_shops, shop

Skill      XL: |  1  2  3  4  5  6 |
---------------+-------------------+-----
Fighting       | 4 5 |  5.8
Dodging        | 1 2 |  2.8
Long Blades    | 3 4 |  4.6
Armour         | 4 5 |  5.3
Shields        | |  3.2

Action                   |  1- 3 |  4- 6 |  7- 9 || total
-------------------------+-------+-------+-------++-------
Melee: Long sword        |   107 |    93 |    44 ||   244
  Use: Scroll            |     2 |     2 |       ||     4
       Potion            |       |     2 |     2 ||     4
Armor: Scale mail        |    33 |    35 |    31 ||    99
Dodge: Dodged            |    30 |    22 |    35 ||    87
Block: Kite shield       |    49 |    49 |    50 ||   148
       Rpst.: Long sword |    10 |    11 |    10 ||    31

Table legend: (Time is in decaauts)
 A = Elapsed time spent in this place.
 B = Non-inter-level travel time spent in this place.
 C = Inter-level travel time spent in this place.
 D = Time resting spent in this place.
 E = Time spent auto-exploring this place.
 F = Levels seen in this place.
 G = Mean time per level.
                   A        B        C        D        E       F      G
               +--------+--------+--------+--------+--------+-----+--------+
         Total |   4157 |   3944 |    213 |   1560 |   1433 |   5 |  831.4 |
       Dungeon |   4157 |   3944 |    213 |   1560 |   1433 |   5 |  831.4 |
               +--------+--------+--------+--------+--------+-----+--------+

Top non-repeatable levels by time:
     D:2: 1635 daAuts
     D:1: 967 daAuts
     D:3: 917 daAuts
     D:4: 635 daAuts
     D:5: 0 daAuts
